 Dungeon Crawl Stone Soup version 0.30-a0-509-gd016549fea (webtiles) character file.

Game seed: 9766564209667373583

63480 experimilk the Earth Mage (level 14, -5/91 HPs)
             Began as a Yellow Draconian Conjurer on Dec 23, 2022.
             Was a High Priest of Hepliaklqana.
             Slain by an ice devil (12 damage)
             ... in an ice cave.
             The game lasted 01:25:29 (34820 turns).

experimilk the Earth Mage (DrCj)                   Turns: 34820, Time: 01:25:29

Health: -5/91      AC: 13    Str:  9    XL:     14   Next: 68%
Magic:  39/39      EV: 12    Int: 31    God:    Hepliaklqana [*****.]
Gold:   185        SH:  9    Dex: 19    Spells: 16/38 levels left

rFire   . . .      SeeInvis .    n - +9 flail (vorpal)
rCold   . . .      Faith    .    q - +0 buckler of the Cartwright {Dex+10}
rNeg    . . .      Spirit   .    (body armour unavailable)
rPois   .          Reflect  +    c - +1 hat
rElec   .          Harm     .    m - scarf {shadows}
rCorr   +          Rampage  .    l - +1 pair of gloves
Will    +....                    b - +1 pair of boots
Stlth   ++........               x - amulet of reflection
HPRegen 0.35/turn                p - +6 ring of intelligence
MPRegen 0.26/turn                L - ring of magical power

@: marked, flying, slowed, studying Earth Magic, very slow
A: reduced essence, spit acid, AC +8, unfitting armour, acidic bite,
cold-blooded, acid resistance
a: Breathe Acid, Renounce Religion, Recall Ancestor, Ancestor Identity,
Transference, Idealise


You were in an ice cave.
You worshipped Hepliaklqana.
Hepliaklqana was extremely pleased with you.
You visited 4 branches of the dungeon, and saw 21 of its levels.
You also visited: Ice Cave and Volcano.

You collected 1910 gold pieces.
You spent 1725 gold pieces at shops.

Inventory:

Hand Weapons
 n - a +9 vorpal flail (weapon)
 K - a +5 falchion
Missiles
 u - 3 throwing nets
Armour
 b - a +1 pair of boots (worn)
 c - a +1 hat (worn)
 l - a +1 pair of gloves (worn)
 m - a scarf of shadows (worn)
 q - the +0 buckler of the Cartwright (worn) {Dex+10}
   (You acquired it on level 4 of the Dungeon)

   Dex:       It affects your dexterity (+10).
Magical Staves
 H - a staff of conjuration
Jewellery
 p - a +6 ring of intelligence (left hand)
 x - an amulet of reflection (around neck)
 I - a ring of willpower
 L - a ring of magical power (right hand)
Wands
 J - a wand of flame (5)
Scrolls
 a - a scroll of torment
 f - a scroll of amnesia {unknown}
 g - a scroll of brand weapon {unknown}
 k - 3 scrolls of fog
 o - 5 scrolls of vulnerability
 v - a scroll of teleportation
 F - a scroll of fear {unknown}
 G - a scroll of silence {unknown}
Potions
 d - a potion of resistance
 h - 5 potions of curing
 i - a potion of haste
 s - 4 potions of lignification
 t - 3 potions of mutation
 w - a potion of attraction
 M - a potion of might
Miscellaneous
 j - a condenser vane
 r - a phantom mirror


   Skills:
 - Level 3.0 Fighting
 - Level 8.0 Maces & Flails
 - Level 1.7 Dodging
 - Level 1.7 Stealth
 - Level 12.8 Spellcasting
 - Level 12.0 Conjurations
 - Level 5.9 Translocations
 * Level 17.1 Earth Magic
 - Level 6.0 Evocations


You had 16 spell levels left.
You knew the following spells:

 Your Spells              Type           Power      Damage    Failure   Level
a - Lee's Rapid Deconstr  Erth           45%        3d22*     1%          5
b - Magic Dart            Conj           100%       1d8       1%          1
c - Searing Ray           Conj           100%       2d8       1%          2
q - Blink                 Tloc           100%       N/A       1%          2
r - Passwall              Tmut/Erth      53%        N/A       1%          2
w - Lesser Beckoning      Tloc           100%       N/A       1%          3
x - Iskenderun's Mystic   Conj/Tloc      66%        2d14      1%          4
z - Stone Arrow           Conj/Erth      100%       3d13      1%          3

Your spell library contained the following spells:

 Spells                   Type           Power      Damage    Failure   Level
 Sandblast                Erth           100%       2d20      0%          1
 Momentum Strike          Conj/Tloc      100%       3d10      1%          2
 Dazzling Flash           Conj/Hex       100%       N/A       1%          3
 Hailstorm                Conj/Ice       54%        3d12      1%          3
 Mephitic Cloud           Conj/Pois/Air  44%        N/A       1%          3
 Flame Wave               Conj/Fire      54%        2d13      2%          4
 Fulminant Prism          Conj/Hex       27%        3d14      2%          4
 Freeze                   Ice            76%        1d8       3%          1
 Cigotuvi's Dreadful Rot  Necr/Pois/Air  38%        N/A       4%          2
 Ensorcelled Hibernation  Hex/Ice        38%        N/A       4%          2
 Poisonous Vapours        Pois/Air       38%        N/A       4%          2
 Scorch                   Fire           38%        2d7       4%          2
 Kindle Blastsparks       Fire/Tloc/Air  64%        2d15      4%          3
 Frozen Ramparts          Ice            38%        1d6       10%         3
 Swiftness                Air            19%        N/A       10%         3
 Conjure Ball Lightning   Conj/Air       27%        3x3d9     41%         6
 Summon Cactus Giant      Summ           9%         N/A       99%         6
 Discord                  Hex            9%         N/A       100%        8
 Disjunction              Tloc           27%        N/A       100%        8


Dungeon Overview and Level Annotations

Branches:
Dungeon (13/15)            Temple (1/1) D:6            Lair (5/5) D:11
  Swamp (0/4) Lair:2        Snake (0/4) Lair:3        Slime (0/5) Lair:4
    Orc (2/2) D:11            Elf (0/3) Orc:2         IceCv (1/1)
Volcano (visited)
 Vaults: D:13-14

Altars:
Ashenzari
Cheibriados
Dithmenos
Elyvilon
Fedhas
Gozag
Hepliaklqana
Kikubaaqudgha
Makhleb
Nemelex Xobeh
Okawaru
Qazlal
Ru
Sif Muna
Trog
Uskayaw
Vehumet
Wu Jian
Xom
Yredelemnul
Zin
The Shining One

Shops:
D:4 =   D:9 :   Orc:2 [(([

Annotations:
D:7 3 runed translucent doors, Iich's ghost, novice MiFi


Innate Abilities, Weirdness & Mutations

Your life essence is reduced to manifest your ancestor. (-10% HP)
You can spit globs of acid.
Your golden yellow scales are hard. (AC +8)
You cannot fit into any form of body armour.
You have acidic saliva.
You are cold-blooded and may be slowed by cold attacks.
You are resistant to acid. (rCorr)


Message History

Chakide hits the ice devil with a +0 flail!!
It was a potion of ambrosia.
You are confused.
You feel invigorated.
You feel yourself speed up.
An anaconda simulacrum comes into view.
The ice devil hits Chakide!
The ice devil freezes Chakide!
Chakide resists.
Chakide is destroyed!
The ice devil barely misses you. The ice devil hits you.
The ice devil freezes you!
You feel yourself slow down.
You miss the ice devil.
Your tail-slap misses the ice devil.
The ice devil is heavily wounded.
The ice devil barely misses you. The ice devil misses you.
The ice devil closely misses you. x2; The freezing wraith closely misses you.
The freezing wraith barely misses you. The ice devil closely misses you.
The ice devil hits you but does no damage.
You bump into the ice covered rock wall.
You feel yourself speed up. The ice devil misses you. The ice devil hits you.
The ice devil freezes you!
The ice devil hits you but does no damage.
The freezing wraith closely misses you. The freezing wraith misses you.
Unknown command.
You bump into the ice covered rock wall.
The ice devil hits you! The ice devil freezes you! The ice devil hits you.
The ice devil freezes you!! The ice devil barely misses you.
The freezing wraith closely misses you. The freezing wraith hits you!
* * * LOW HITPOINT WARNING * * *
The freezing wraith drains your vigour!
You feel yourself slow down.
Unknown command.
You feel better.
You feel less invigorated. You block the ice devil's attack.
The ice devil barely misses you. The ice devil misses you.
You block the freezing wraith's attack. The freezing wraith misses you.
The freezing wraith hits you. The freezing wraith freezes you!!
* * * LOW HITPOINT WARNING * * *
The freezing wraith barely misses you. The ice devil hits you!
* * * LOW HITPOINT WARNING * * *
The ice devil freezes you!
You feel as though you will be slow longer.
You die...

#R.## ##.## ##Z.#
#..## ##Z## # ##
#### #Zp# # #..
#.[# ##4## ##
#..###.)# #4W# .#
#..#8..## #@4# .##
#......# ##4# ..##
#......####.4#
#..#
#.......##..##
#..###........#.4#
##..###.......##.#
#..###.....##...#
##..##.....##..##
#..#.....####.#


You could see 5 ice devils, a freezing wraith, a necromancer, an anaconda
simulacrum, a death yak simulacrum and an elephant simulacrum.

Vanquished Creatures
  Nessos (Lair:3)
  Harold (D:11)
  3 catoblepae
  2 centaur warriors
  3 death yaks (Lair:5)
  A deep troll shaman (Lair:5)
  A tengu warrior (D:9)
  A hell knight (Volcano)
  Urug (Lair:5)
  Nergalle (D:11)
  4 skeletal warriors (D:12)
  A salamander mystic (Volcano)
  2 orc knights (Orc:2)
  A deep elf pyromancer (D:9)
  3 lindwurms (D:12)
  An oklob plant (Lair:1)
  A cyclops (D:9)
  4 salamanders (Volcano)
  A manticore (D:12)
  An ugly thing (D:12)
  13 elephants
  2 black mambas
  An ice statue (IceCv)
  Joseph (D:10)
  10 cane toads
  2 gargoyles
  An unseen horror (D:12)
  4 rime drakes
  Maggie (D:7)
  A komodo dragon (shapeshifter) (D:9)
  4 ice devils (IceCv)
  2 freezing wraiths (IceCv)
  4 komodo dragons
  An anaconda simulacrum (IceCv)
  3 trolls
  3 polar bears (Lair:5)
  2 blink frogs (Lair:4)
  Grinder (D:3)
  22 yaks
  7 wyverns
  2 dire elephant simulacra (IceCv)
  A wraith (D:12)
  2 basilisks
  5 fire bats (Volcano)
  Grum (D:11)
  2 steam dragons (D:11)
  7 vampire mosquitoes
  2 wargs (Orc:1)
  A death yak simulacrum (IceCv)
  2 harpy simulacra (IceCv)
  A naga (Lair:3)
  An acid dragon (D:11)
  5 water moccasins
  A hydra simulacrum (IceCv)
  24 orc warriors
  An ice beast (D:8)
  3 black bears
  2 sky beasts (D:8)
  7 ogres
  10 wolves
  10 centaurs
  A phantom (D:7)
  A kobold brigand (D:11)
  8 bullfrogs
  3 cane toad simulacra (IceCv)
  A necrophage (D:5)
  A gnoll sergeant (D:10)
  8 wights
  4 elephant simulacra (IceCv)
  5 killer bees (D:9)
  3 electric eels
  4 lava snakes (Volcano)
  5 howler monkeys
  2 hounds
  3 jellies
  11 orc priests
  3 gnoll boudas
  An iguana (D:7)
  9 orc wizards
  6 hell rats
  A statue (D:8)
  2 troll simulacra (IceCv)
  3 polar bear simulacra (IceCv)
  A wolf simulacrum (IceCv)
  14 adders
  18 gnolls
  10 river rats (D:7)
  2 naga simulacra (IceCv)
  A white imp (D:7)
  2 ufetubi
  A worm (D:4)
  3 dart slugs
  39 orcs
  4 ball pythons
  7 endoplasms
  2 giant cockroaches
  10 goblins
  11 hobgoblins
  2 jackals (D:3)
  8 kobolds
  7 quokkas
  9 bats
  7 frilled lizards
  13 rats
  A spectral orc (D:3)
466 creatures vanquished.

Vanquished Creatures (collateral kills)
  A dire elephant (Lair:5)
  2 hydras
  2 two-headed ogres
  A lindwurm (D:12)
  2 orc knights (Orc:2)
  A salamander (Volcano)
  Maurice (D:11)
  5 elephants
  A rime drake (Lair:1)
  2 cane toads
  An unseen horror (D:10)
  A komodo dragon (Lair:4)
  A freezing wraith (IceCv)
  2 ice devils (IceCv)
  2 trolls
  A polar bear (Lair:3)
  A slime creature (D:9)
  3 blink frogs (Lair:4)
  11 yaks
  A fire bat (Volcano)
  3 vampire mosquitoes (D:12)
  A naga (Lair:3)
  2 wargs (Orc:1)
  A death yak simulacrum (IceCv)
  2 water moccasins (Lair:5)
  4 orc warriors
  An ogre (Orc:2)
  A centaur (Orc:2)
  3 wolves
  A gnoll sergeant (D:12)
  A bullfrog (Lair:4)
  A killer bee (D:9)
  An elephant simulacrum (IceCv)
  2 lava snakes (Volcano)
  An orc priest (Orc:2)
  4 orc wizards
  A spriggan simulacrum (IceCv)
  6 gnolls
  20 orcs
  A kobold (D:11)
  A butterfly (Lair:5)
100 creatures vanquished.

Vanquished Creatures (others)
  4 knights
  6 ancestors
  A bush (Lair:3)
  27 fungi
  56 plants
94 creatures vanquished.

Grand Total: 660 creatures vanquished

Notes
Turn   | Place    | Note
-------+----------+-------------------------------------------
     0 | D:1      | experimilk the Draconian Conjurer began the quest for the
                  | Orb.
     0 | D:1      | Reached XP level 1. HP: 14/14 MP: 3/3
   151 | D:1      | Reached XP level 2. HP: 16/20 MP: 0/5
   154 | D:1      | Learned a level 2 spell: Searing Ray
   993 | D:1      | Reached XP level 3. HP: 26/26 MP: 4/6
  2176 | D:2      | Reached skill level 5 in Conjurations
  2181 | D:2      | Reached XP level 4. HP: 33/33 MP: 3/8
  3166 | D:3      | Noticed Grinder
  3167 | D:3      | Paralysed by Grinder for 2 turns
  3250 | D:3      | Paralysed by Grinder for 3 turns
  3258 | D:3      | Killed Grinder
  3259 | D:3      | Reached XP level 5. HP: 35/38 MP: 1/9
  3259 | D:3      | Reached XP level 6. HP: 41/45 MP: 1/10
  3355 | D:3      | You fall into a shaft and drop 3 floors!
  3362 | D:6      | Found a staircase to the Ecumenical Temple.
  3377 | Temple   | Entered the Ecumenical Temple
  3918 | D:6      | Your scales start taking on a golden yellow colour.
  3918 | D:6      | Reached XP level 7. HP: 50/50 MP: 7/11
  3918 | D:6      | Gained mutation: You are resistant to acid. (rCorr) [Yellow
                  | Draconian growth]
  4007 | D:5      | Entered Level 5 of the Dungeon
  5178 | D:4      | Found Wapuv's Jewellery Boutique.
  5647 | D:4      | Reached skill level 1 in Fighting
  6113 | D:3      | Found a basalt altar of Yredelemnul.
  6301 | D:3      | Identified the +1 robe of Yximoixu {Will+ Str+5}
  7496 | D:6      | Reached XP level 8. HP: 61/61 MP: 7/13
  7616 | D:6      | Found a blossoming altar of Fedhas.
  7650 | D:6      | Found a stormy altar of Qazlal.
  8000 | Temple   | Became a worshipper of Hepliaklqana the Forgotten
  8041 | D:7      | Noticed Maggie
  8048 | D:6      | Learned a level 3 spell: Stone Arrow
  8051 | D:6      | Learned a level 2 spell: Passwall
  8056 | D:6      | Learned a level 4 spell: Iskenderun's Mystic Blast
  8592 | D:7      | Identified the +10 quarterstaff of Ippobbus {spect, *Slow
                  | rC+ Int+4}
  8638 | D:7      | Killed Maggie
  8639 | D:7      | Reached skill level 10 in Conjurations
  8915 | D:7      | Reached skill level 5 in Spellcasting
  8982 | D:7      | Reached XP level 9. HP: 46/69 MP: 3/16
  9882 | D:7      | Found a runed translucent gate.
  9883 | D:7      | Found a runed translucent gate.
  9884 | D:7      | Found a runed translucent gate.
  9887 | D:7      | Noticed Iich's ghost (novice MiFi)
 10222 | D:8      | Reached * piety under Hepliaklqana
 10534 | D:8      | Reached skill level 1 in Maces & Flails
 11386 | D:8      | Found a radiant altar of Vehumet.
 11670 | D:9      | Found Dimerryfo's Self-Improvement Boutique.
 11798 | D:9      | Noticed a tengu warrior
 11809 | D:9      | Noticed a cyclops
 11810 | D:9      | Noticed an entropy weaver
 11884 | D:9      | Killed a cyclops
 11885 | D:9      | Reached skill level 5 in Maces & Flails
 11885 | D:9      | Reached XP level 10. HP: 8/69 MP: 3/19
 11921 | D:9      | a tarantella changed into a swamp dragon
 11921 | D:9      | Noticed a swamp dragon (shapeshifter)
 11922 | D:9      | Noticed a deep elf pyromancer
 12478 | D:9      | Noticed a centaur warrior
 12482 | D:9      | Killed a centaur warrior
 12483 | D:9      | Reached skill level 2 in Earth Magic
 13223 | D:9      | Killed a tengu warrior
 13224 | D:9      | Reached skill level 3 in Earth Magic
 13552 | D:9      | Killed a deep elf pyromancer
 13882 | D:10     | Entered Level 10 of the Dungeon
 13943 | D:10     | Reached skill level 1 in Evocations
 13947 | D:10     | Identified the +11 halberd of Deaschent {freeze, *Noise
                  | rPois Str+4}
 14032 | D:10     | Noticed Joseph
 14038 | D:10     | Killed Joseph
 14045 | D:10     | Found a glowing silver altar of Zin.
 14609 | D:10     | Identified the +1 short sword of Uskayaw's Pride {venom,
                  | Str+2 Int+2}
 14682 | D:10     | Reached ** piety under Hepliaklqana
 14683 | D:10     | Remembered your ancestor Chakide as a knight
 15027 | D:10     | Noticed a two-headed ogre
 15030 | D:10     | Killed a two-headed ogre
 15031 | D:10     | Reached skill level 5 in Evocations
 15031 | D:10     | Reached XP level 11. HP: 73/73 MP: 14/21
 15417 | D:11     | Noticed Grum
 15424 | D:11     | Killed Grum
 15548 | D:11     | Noticed a two-headed ogre
 15552 | D:11     | Killed a two-headed ogre
 15751 | D:11     | Found a staircase to the Orcish Mines.
 15932 | D:11     | Noticed Harold
 15938 | D:11     | Killed Harold
 15939 | D:11     | Reached skill level 4 in Earth Magic
 16042 | D:11     | Noticed Maurice
 16047 | D:11     | Killed Maurice
 16187 | D:11     | Reached skill level 5 in Earth Magic
 16405 | D:11     | Found a staircase to the Lair.
 16683 | D:11     | Noticed Nergalle
 16696 | D:11     | Killed Nergalle
 16697 | D:11     | Reached skill level 6 in Earth Magic
 17632 | Lair:1   | Entered Level 1 of the Lair of Beasts
 17647 | Lair:1   | Noticed an oklob plant
 17655 | Lair:1   | Killed an oklob plant
 17747 | Lair:1   | Reached skill level 7 in Earth Magic
 17800 | Lair:1   | Learned a level 5 spell: Lee's Rapid Deconstruction
 17817 | Lair:1   | Reached *** piety under Hepliaklqana
 18010 | Lair:1   | Reached skill level 8 in Earth Magic
 18787 | Lair:1   | Reached XP level 12. HP: 80/80 MP: 11/24
 19063 | Lair:1   | Learned a level 2 spell: Blink
 19583 | Lair:2   | Identified the +0 chain mail "Giurosu" {-Tele Drain rElec
                  | Dex+5}
 19610 | Lair:2   | Reached skill level 9 in Earth Magic
 19685 | Lair:2   | Noticed a four-headed hydra
 19691 | Lair:2   | Killed a four-headed hydra
 19693 | Lair:2   | Reached skill level 1 in Translocations
 19751 | Lair:2   | Found a staircase to the Swamp.
 20329 | Lair:3   | Noticed a catoblepas
 20336 | Lair:3   | Killed a catoblepas
 20578 | Lair:3   | Reached **** piety under Hepliaklqana
 20708 | Lair:3   | Learned a level 3 spell: Lesser Beckoning
 20929 | Lair:3   | Found a staircase to the Snake Pit.
 20946 | Lair:3   | Reached skill level 10 in Earth Magic
 21071 | Lair:3   | Noticed Nessos
 21083 | Lair:3   | Killed Nessos
 22296 | Lair:4   | Reached skill level 10 in Spellcasting
 22296 | Lair:4   | Reached skill level 11 in Earth Magic
 22671 | Lair:4   | Reached XP level 13. HP: 58/84 MP: 9/27
 23087 | Lair:4   | Identified the +4 dire flail of Compassion {freeze, rElec
                  | rF- rCorr Str-2}
 23122 | Lair:4   | Found a bloodstained altar of Trog.
 23154 | Lair:4   | Reached skill level 12 in Earth Magic
 23575 | Lair:4   | Found a staircase to the Slime Pits.
 23923 | Lair:5   | Entered Level 5 of the Lair of Beasts
 25869 | Lair:5   | Reached ***** piety under Hepliaklqana
 26711 | D:4      | Bought a ring of magical power for 280 gold pieces
 26713 | D:4      | Identified a scroll of acquirement
 26714 | D:4      | Acquired the +0 buckler of the Cartwright {Dex+10}
 27412 | Lair:5   | Noticed Urug
 27425 | Lair:5   | Killed Urug
 27550 | Lair:5   | Noticed a dire elephant
 27562 | Lair:5   | Killed a dire elephant
 28037 | Orc:1    | Entered Level 1 of the Orcish Mines
 29167 | Orc:1    | Reached skill level 13 in Earth Magic
 29426 | Orc:2    | Entered Level 2 of the Orcish Mines
 29497 | Orc:2    | Found a dark tunnel.
 29508 | Volcano  | Entered a volcano
 29933 | Volcano  | Reached skill level 5 in Translocations
 29938 | Volcano  | Gained mutation: You have acidic saliva. [Yellow Draconian
                  | growth]
 29938 | Volcano  | Reached XP level 14. HP: 42/91 MP: 9/30
 30198 | Volcano  | Found a burning altar of Makhleb.
 30221 | Volcano  | Found a burning altar of Makhleb.
 30708 | Orc:2    | Found a staircase to the Elven Halls.
 31855 | Orc:2    | Found Meysm's Antique Weapon Emporium.
 31855 | Orc:2    | Found Xuoxze's Weapon Boutique.
 31856 | Orc:2    | Found Ucienuwk's Armour Shop.
 31858 | Orc:2    | Found Erol Fag's Armour Shoppe.
 31874 | Orc:2    | Bought a +1 hat for 165 gold pieces
 32048 | D:9      | Bought a manual of Earth Magic for 1280 gold pieces
 32180 | D:12     | Reached skill level 14 in Earth Magic
 32916 | D:12     | Reached skill level 15 in Earth Magic
 34063 | D:13     | Found a frozen archway.
 34068 | D:13     | Reached skill level 16 in Earth Magic
 34074 | IceCv    | Entered an ice cave
 34677 | IceCv    | Reached skill level 17 in Earth Magic
 34820 | IceCv    | Slain by an ice devil

Illustrated notes

Levels and vault maps discovered:
D:1:      minmay_arrival_diagonal_passages, layout_loops_ring,
          dk_noncrumbling_4, minmay_misc_feat_iff
D:2:      layout_loops_ring, chequers_arboretum, grunt_ministairs_3,
          kennysheep_generic_room_9
D:3:      layout_basic, yredelemnul_forgotten_temple_becter, uniq_grinder
D:4:      layout_basic, serial_shops, shop, minmay_goblin_kobold_house
D:5:      layout_basic, small_statue_intersection
D:6:      layout_basic, grunt_temple_overflow_forces_of_nature,
          minmay_temple_entry_glass
D:7:      lemuel_ratsnest, layout_rooms, biasface_ghost_orc_armoury,
          dk_vineyard_1, uniq_maggie
D:8:      layout_loops_ring, vehumet_statue, dk_noncrumbling_2, st_stairs_5
D:9:      minmay_cut_squares, layout_rooms, nicolae_shop_self_help
D:10:     layout_roguey, mainiacjoe_overflow_catwalk, uniq_joseph
D:11:     cheibrodos_steamvent, layout_grid_maze, orc_0_dummy, uniq_nergalle,
          uniq_maurice, uniq_grum, uniq_harold
D:12:     layout_small_grid, minmay_lindwurm_lava
D:13:     layout_irregular_city, portal_ice_cave_rime
Temple:   nicolae_temple_bog_church
Lair:1:   layout_hall_layers, guppyfry_lair_drakes
Lair:2:   layout_misc_corridors, swamp_mist_pool, hibernation_bobbens
Lair:3:   layout_gridlike, guppyfry_snake_entry_island, uniq_nessos
Lair:4:   layout_roguey, slime_entry_1, basic_altar, serial_bayou_lagoon_a,
          lemuel_fruit_fields
Lair:5:   grunt_lair_end_beastmaster, layout_hall_layers,
          infiniplex_staircase_pool_2, lemuel_fruit_fields, uniq_urug
Orc:1:    layout_caves, nooodl_orcs_dogs
Orc:2:    st_orc_rangers, layout_caves, nicolae_volcano_entry_lava_flow,
          minmay_orc_temple_a
IceCv:    ice_cave_small_necro

Skill      XL: |  1  2  3  4  5  6  7  8  9 10 11 12 13 14 |
---------------+-------------------------------------------+-----
Conjurations   | 5 7 8 9 10 12 | 12.0
Spellcasting   | 3 5 6 7 8 10 12 | 12.8
Fighting       | 2 3 |  3.0
Maces & Flails | 5 8 |  8.0
Earth Magic    | 3 8 11 13 17 | 17.1
Evocations     | 5 6 |  6.0
Translocations | 3 5 |  5.9
Dodging        | |  1.7
Stealth        | |  1.7

Action                   |  1- 3 |  4- 6 |  7- 9 | 10-12 | 13-15 || total
-------------------------+-------+-------+-------+-------+-------++-------
Melee: Unarmed           |    20 |       |       |       |       ||    20
       Tailslap          |     4 |     2 |     5 |     4 |     6 ||    21
       Trident           |    14 |       |       |       |       ||    14
       Punch             |     1 |       |       |       |       ||     1
       Dagger            |       |    12 |    10 |       |       ||    22
       Short sword       |       |       |    59 |       |       ||    59
       Mace              |       |       |     1 |    37 |       ||    38
       Flail             |       |       |       |     3 |    62 ||    65
       Bite              |       |       |       |       |     5 ||     5
 Cast: Magic Dart        |    52 |    25 |    84 |    59 |    36 ||   256
       Searing Ray       |     3 |    12 |    31 |       |       ||    46
       Stone Arrow       |       |       |    81 |   219 |   303 ||   603
       Iskenderun's Myst |       |       |       |    11 |    25 ||    36
       Lee's Rapid Decon |       |       |       |       |    42 ||    42
       Lesser Beckoning  |       |       |       |       |     9 ||     9
Invok: Ancestor Life: Kn |       |       |       |     1 |       ||     1
       Recall Ancestor   |       |       |       |       |     7 ||     7
       Transference      |       |       |       |       |     2 ||     2
 Abil: Breathe Acid      |       |       |     8 |    13 |    23 ||    44
Evoke: Wand              |       |       |       |     3 |    11 ||    14
       Phantom mirror    |       |       |       |     2 |     2 ||     4
       Condenser vane    |       |       |       |     1 |     3 ||     4
  Use: Potion            |     1 |     1 |     1 |     9 |    15 ||    27
       Scroll            |     1 |       |    12 |    11 |    14 ||    38
 Stab: Petrified         |       |       |       |       |     3 ||     3
       Distracted        |       |       |       |       |     1 ||     1
Armor: Skin              |     8 |    10 |    25 |    32 |    37 ||   112
Dodge: Dodged            |    21 |     9 |    49 |    43 |   104 ||   226
Block: Other             |       |       |     2 |    13 |     7 ||    22
       Reflection        |       |       |     1 |     1 |    25 ||    27
       Buckler           |       |       |       |       |    58 ||    58

Table legend: (Time is in decaauts)
 A = Elapsed time spent in this place.
 B = Non-inter-level travel time spent in this place.
 C = Inter-level travel time spent in this place.
 D = Time resting spent in this place.
 E = Time spent auto-exploring this place.
 F = Levels seen in this place.
 G = Mean time per level.
                   A        B        C        D        E       F      G
               +--------+--------+--------+--------+--------+-----+--------+
         Total |  34887 |  33167 |   1720 |  15963 |  13243 |  23 | 1516.8 |
       Dungeon |  19942 |  18718 |   1224 |   7907 |   9018 |  13 | 1534.0 |
        Temple |    255 |    205 |     50 |      0 |    153 |   1 |  255.0 |
          Lair |  10015 |   9717 |    298 |   5361 |   3424 |   5 | 2003.0 |
  Orcish Mines |   3026 |   2879 |    147 |   1642 |    628 |   2 | 1513.0 |
      Ice Cave |    749 |    749 |      0 |    523 |      0 |   1 |  749.0 |
       Volcano |    897 |    897 |      0 |    530 |     20 |   1 |  897.0 |
               +--------+--------+--------+--------+--------+-----+--------+

Top non-repeatable levels by time:
  Lair:5: 2993 daAuts
    D:11: 2696 daAuts
     D:8: 2581 daAuts
  Lair:4: 2400 daAuts
    D:12: 1867 daAuts
  Lair:3: 1842 daAuts
  Lair:1: 1826 daAuts
     D:1: 1802 daAuts
     D:7: 1797 daAuts
     D:9: 1627 daAuts
   Orc:2: 1572 daAuts
     D:5: 1527 daAuts
     D:6: 1495 daAuts
   Orc:1: 1454 daAuts
     D:3: 1264 daAuts
